 Dungeon Crawl Stone Soup version 0.29-a0-243-g602b31c20e (webtiles) character file.

Game seed: 13101839965162585276

28 siradein the Grave Robber (level 3, 0/24 HPs)
             Began as a Vampire Necromancer on Mar 4, 2022.
             Succumbed to an adder's poison
             ... on level 2 of the Dungeon.
             The game lasted 00:02:43 (1045 turns).

siradein the Grave Robber (Vampire Necromancer)     Turns: 1045, Time: 00:02:45

Health: 0/24       AC:  5    Str:  7    XL:     3   Next: 0%
Magic:  4/6        EV: 10    Int: 19    God:
Gold:   21         SH:  0    Dex: 14    Spells: 5/6 levels left

rFire   . . .      SeeInvis +   b - +1 dagger (elec)
rCold   . . .      Faith    .   (no shield)
rNeg    . . .      Spirit   .   i - +0 ring mail
rPois   .          Reflect  .   (no helmet)
rElec   .          Harm     .   (no cloak)
rCorr   .          Rampage  .   (no gloves)
Will    +....                   (no boots)
Stlth   ++........              (no amulet)
HPRegen 0.28/turn               g - ring of willpower
MPRegen 0.10/turn               (no ring)

@: lethally poisoned (0 -> -1), healing quickly
A: alive, fangs 3, see invisible, vampiric 2
a: Exsanguinate


You were on level 2 of the Dungeon.
You visited 1 branch of the dungeon, and saw 2 of its levels.

You collected 21 gold pieces.

Inventory:

Hand Weapons
 b - a +1 dagger of electrocution (weapon)
Armour
 i - a +0 ring mail (worn)
Jewellery
 g - a ring of willpower (left hand)
Scrolls
 e - 2 scrolls of teleportation {unknown}
 f - 3 scrolls of torment {unknown}
Potions
 a - a potion of curing {unknown}
 c - 2 potions of resistance {unknown}
 d - a potion of berserk rage {unknown}
 h - a potion of mutation {unknown}


   Skills:
 + Level 2.8 Dodging
 - Level 3.0 Stealth
 + Level 2.4 Spellcasting
 + Level 4.7 Necromancy


You had 5 spell levels left.
You knew the following spells:

 Your Spells              Type           Power      Damage    Failure   Level
a - Pain                  Necr           80%        1d8       9%          1

Your spell library contained the following spells:

 Spells                   Type           Power      Damage    Failure   Level
 Animate Skeleton         Necr           40%        N/A       9%          1
 Vampiric Draining        Necr           20%        2d7       24%         3
 Animate Dead             Necr           10%        N/A       63%         4
 Agony                    Necr           20%        N/A       92%         5


Dungeon Overview and Level Annotations

Branches:
Dungeon (2/15)

Altars:
Wu Jian


Innate Abilities, Weirdness & Mutations

Your natural rate of healing is accelerated.
You have razor-sharp teeth.
You have supernaturally acute eyesight. (SInv)
You are afflicted with vampirism and can become a bat while bloodless.


Message History

You hit the adder.
The adder is heavily wounded.
The adder closely misses you. The adder bites you but does no damage.
You barely miss the adder.
The adder is heavily wounded.
The adder bites you.
You hit the adder.
The adder is almost dead.
The adder bites you.
You hit the adder. Your bite misses the adder.
The adder is almost dead.
The adder bites you. x2
* * * LOW HITPOINT WARNING * * *
You are lethally poisoned!
The adder poisons you!
You are too injured to fight recklessly!
You are too injured to fight recklessly!
Casting: Pain (safe; 10% risk of failure)
Confirm with . or Enter, or press ? or * to list all spells.
Aiming: Pain (safe; 10% risk of failure)
Press: ? - help, Shift-Dir - straight line, f - adder
Aim: an adder (almost dead, chance to affect: 81%)
The adder writhes in agony.
You kill the adder!
* * * LOW HITPOINT WARNING * * *
You feel sick.
You have reached level 3!
Your experience leads to an increase in your attributes!
Increase (S)trength, (I)ntelligence, or (D)exterity?
You feel clever. x2
You can now turn into a vampire bat when bloodless.
There is a lethal amount of poison in your body!
Keep bloodletting?
* * * LOW HITPOINT WARNING * * *
You feel sick.
You begin bloodletting.
You continue bloodletting.
* * * LOW HITPOINT WARNING * * *
You feel sick.
You continue bloodletting.
You die...

#. #.....#
#.###.._..#
###.........#
#....##.....#
#....########
#....#####
#.<.†.>..##
#.........##
##..@......#
#..†......#
#..........
#.........#
#.........#
##.$.....##
.....$...#
.........#


There were no monsters in sight!

Vanquished Creatures
  An adder (D:2)
  2 ball pythons (D:2)
  A bat (D:1)
  2 endoplasms (D:1)
  A giant cockroach (D:1)
  2 goblins
  4 hobgoblins
  A frilled lizard (D:2)
  A kobold (D:1)
  3 rats
18 creatures vanquished.

Notes
Turn   | Place    | Note
-------+----------+-------------------------------------------
     0 | D:1      | siradein the Vampire Necromancer began the quest for the
                  | Orb.
     0 | D:1      | Reached XP level 1. HP: 13/13 MP: 3/3
   525 | D:1      | Reached XP level 2. HP: 15/19 MP: 0/5
  1007 | D:2      | Found an ornate altar of the Wu Jian Council.
  1043 | D:2      | Gained mutation: You are afflicted with vampirism and can
                  | become a bat while bloodless. [Vampire growth]
  1043 | D:2      | Reached XP level 3. HP: 2/24 MP: 4/6
  1044 | D:2      | HP: 1/24 [poisoned by an adder]
  1045 | D:2      | Succumbed to an adder's poison

Illustrated notes

Levels and vault maps discovered:
D:1:      nicolae_arrival_washed_ashore, layout_loops_cross
D:2:      layout_rooms, basic_altar, kennysheep_nondescript, minivault_23,
          st_stairs_2

Action                   || total
-------------------------++-------
Melee: Dagger            ||    31
       Bite              ||     2
 Cast: Pain              ||    17
 Abil: Exsanguinate      ||     1
 Stab: Sleeping          ||     2
Armor: Ring mail         ||     6
Dodge: Dodged            ||    15

Table legend: (Time is in decaauts)
 A = Elapsed time spent in this place.
 B = Non-inter-level travel time spent in this place.
 C = Inter-level travel time spent in this place.
 D = Time resting spent in this place.
 E = Time spent auto-exploring this place.
 F = Levels seen in this place.
 G = Mean time per level.
                   A        B        C        D        E       F      G
               +--------+--------+--------+--------+--------+-----+--------+
         Total |   1043 |   1008 |     35 |      0 |    874 |   2 |  521.5 |
       Dungeon |   1043 |   1008 |     35 |      0 |    874 |   2 |  521.5 |
               +--------+--------+--------+--------+--------+-----+--------+

Top non-repeatable levels by time:
     D:1: 843 daAuts
     D:2: 200 daAuts
